 Dungeon Crawl Stone Soup version 0.28.0-47-ge53b351184 (webtiles) character file.

Game seed: 6302492818234836792

62 NinjaNoafa the Grasshopper (level 4, -2/38 HPs)
             Began as a Gnoll Warper on May 11, 2022.
             Killed from afar by Natasha (6 damage)
             ... with a magic dart
             ... on level 2 of the Dungeon.
             The game lasted 00:03:33 (1758 turns).

NinjaNoafa the Grasshopper (Gnoll Warper)           Turns: 1758, Time: 00:03:34

Health: -2/38      AC:  5    Str: 10    XL:     4   Next: 8%
Magic:  9/11       EV: 12    Int: 15    God:
Gold:   35         SH:  0    Dex: 11    Spells: 11/13 levels left

rFire   . . .      SeeInvis .   i - +0 war axe
rCold   . . .      Faith    .   (no shield)
rNeg    . . .      Spirit   .   b - +0 leather armour
rPois   .          Reflect  .   (no helmet)
rElec   .          Harm     .   (no cloak)
rCorr   .          Rampage  .   (no gloves)
Will    .....                   g - +1 pair of boots
Stlth   +.........              (no amulet)
HPRegen 0.12/turn               (no ring)
MPRegen 0.12/turn               (no ring)

@: on blink cooldown, slowed, very slow
A: fangs 1, strong nose, distributed training
a: no special abilities


You were on level 2 of the Dungeon.
You visited 1 branch of the dungeon, and saw 3 of its levels.

You collected 35 gold pieces.

Inventory:

Hand Weapons
 i - a +0 war axe (weapon)
Missiles
 a - 9 stones
 d - 4 boomerangs of dispersal (quivered)
 e - 8 boomerangs
Armour
 b - a +0 leather armour (worn)
 g - a +1 pair of boots (worn)
Scrolls
 c - a scroll of vulnerability {unknown}
 h - a scroll of fear {unknown}
Potions
 f - 3 potions of flight
 j - a potion of attraction {unknown}


   Skills:
 + Level 4.6 Fighting
 + Level 1.0 Short Blades
 + Level 1.0 Long Blades
 + Level 4.6 Axes
 + Level 1.0 Maces & Flails
 + Level 1.0 Polearms
 + Level 1.0 Staves
 + Level 1.0 Slings
 + Level 1.0 Bows
 + Level 1.0 Crossbows
 + Level 2.7 Throwing
 + Level 2.7 Armour
 + Level 4.6 Dodging
 + Level 1.0 Stealth
 + Level 1.0 Shields
 + Level 1.0 Unarmed Combat
 + Level 5.0 Spellcasting
 + Level 0.7 Conjurations
 + Level 0.7 Hexes
 + Level 0.7 Summonings
 + Level 0.7 Necromancy
 + Level 5.4 Translocations
 + Level 0.7 Transmutations
 + Level 0.7 Fire Magic
 + Level 0.7 Ice Magic
 + Level 0.7 Air Magic
 + Level 0.7 Earth Magic
 + Level 0.7 Poison Magic
 + Level 1.1 Invocations
 + Level 1.0 Evocations


You had 11 spell levels left.
You knew the following spells:

 Your Spells              Type           Power      Damage    Failure   Level
a - Blink                 Tloc           40%        N/A       3%          2

Your spell library contained the following spells:

 Spells                   Type           Power      Damage    Failure   Level
 Gell's Gravitas          Tloc           20%        N/A       7%          3
 Lesser Beckoning         Tloc           20%        N/A       7%          3
 Teleport Other           Tloc           20%        N/A       7%          3
 Manifold Assault         Tloc           20%        N/A       54%         5


Dungeon Overview and Level Annotations

Branches:
Dungeon (3/15)

Altars:

Annotations:
D:2 Natasha, Terence


Innate Abilities, Weirdness & Mutations

You have very sharp teeth.
Your uncanny sense of smell can sniff out nearby items.
Your experience applies equally to all skills.


Message History

You kill the quokka!
Natasha is nearby!
Natasha is nearby!
Natasha hisses angrily.
Natasha casts a spell at you.
You feel yourself slow down. Natasha casts a spell at you.
You feel as though you will be slow longer.
Natasha stares at you and mumbles some strange words.
The magic dart hits you. Natasha claws you.
Natasha claws you but does no damage.
Natasha mewls in sadness.
Natasha misses you.
You hit Natasha but do no damage. Natasha claws you.
Natasha closely misses you.
You hit Natasha.
Natasha is lightly wounded.
Natasha claws you!
* * * LOW HITPOINT WARNING * * *
Natasha casts a spell at you.
You feel as though you will be slow longer.
You closely miss Natasha.
Natasha is lightly wounded.
Natasha misses you. x2
You barely miss Natasha.
Natasha is lightly wounded.
Natasha mewls in sadness.
Natasha claws you.
* * * LOW HITPOINT WARNING * * *
Natasha barely misses you.
You barely miss Natasha.
Natasha is lightly wounded.
Natasha closely misses you.
Casting: Blink (safe; 3% risk of failure)
Confirm with . or Enter, or press ? or * to list all spells.
You blink.
Natasha stares at you and mumbles some strange words.
The magic dart hits you.
You die...

......>.................##)#
#.######...............###†#
. ######............## #.##
#..........#####.#####.##
#.........## .# #.....
#..<......# .##.....
#.......h.# #.......<
#.........# ####.....
#.......@.# #.....
#.........# #.....
#.........# #....>
#.........# ######
###########


You could see Natasha.

Vanquished Creatures
  Natasha (D:2)
  A worm (D:2)
  An orc (D:3)
  4 bats
  3 endoplasms
  A giant cockroach (D:1)
  5 goblins
  4 hobgoblins
  A quokka (D:2)
  A ball python (D:1)
  2 frilled lizards (D:3)
  3 kobolds (D:1)
  5 rats
32 creatures vanquished.

Notes
Turn   | Place    | Note
-------+----------+-------------------------------------------
     0 | D:1      | NinjaNoafa the Gnoll Warper began the quest for the Orb.
     0 | D:1      | Reached XP level 1. HP: 20/20 MP: 6/6
   433 | D:1      | Reached XP level 2. HP: 26/26 MP: 7/7
   512 | D:1      | Learned a level 2 spell: Blink
   801 | D:2      | Noticed Natasha
   805 | D:2      | Killed Natasha
   806 | D:2      | Reached skill level 5 in Spellcasting
   806 | D:2      | Reached skill level 1 in Invocations
   806 | D:2      | Reached XP level 3. HP: 31/31 MP: 7/9
   896 | D:2      | Noticed Natasha
  1304 | D:2      | Noticed Terence
  1324 | D:2      | Reached skill level 1 in Short Blades
  1324 | D:2      | Reached skill level 1 in Long Blades
  1324 | D:2      | Reached skill level 1 in Maces & Flails
  1324 | D:2      | Reached skill level 1 in Polearms
  1324 | D:2      | Reached skill level 1 in Staves
  1324 | D:2      | Reached skill level 1 in Slings
  1324 | D:2      | Reached skill level 1 in Bows
  1324 | D:2      | Reached skill level 1 in Crossbows
  1324 | D:2      | Reached skill level 1 in Stealth
  1324 | D:2      | Reached skill level 1 in Shields
  1324 | D:2      | Reached skill level 1 in Unarmed Combat
  1324 | D:2      | Reached skill level 1 in Evocations
  1698 | D:3      | Reached XP level 4. HP: 38/38 MP: 11/11
  1758 | D:2      | Killed from afar by Natasha

Illustrated notes

Levels and vault maps discovered:
D:1:      psy_arrival_wood_between_worlds, layout_loops_ring,
          grunt_decor_arrowhead
D:2:      layout_rooms, uniq_natasha, uniq_terence
D:3:      layout_basic, nicolae_ashenzari_skybound, mainiacjoe_overflow_swirl,
          hellmonk_ecumenical_altar_crossroads, grunt_ministairs_15,
          minmay_misc_feat_cross, kennysheep_generic_room_5

Skill      XL: |  1  2  3 |
---------------+----------+-----
Spellcasting   | 5 |  5.0
Invocations    | 1 |  1.1
Short Blades   | 1 |  1.0
Long Blades    | 1 |  1.0
Maces & Flails | 1 |  1.0
Polearms       | 1 |  1.0
Staves         | 1 |  1.0
Slings         | 1 |  1.0
Bows           | 1 |  1.0
Crossbows      | 1 |  1.0
Stealth        | 1 |  1.0
Shields        | 1 |  1.0
Unarmed Combat | 1 |  1.0
Evocations     | 1 |  1.0
Fighting       | |  4.6
Axes           | |  4.6
Throwing       | |  2.7
Armour         | |  2.7
Dodging        | |  4.6
Conjurations   | |  0.7
Hexes          | |  0.7
Summonings     | |  0.7
Necromancy     | |  0.7
Translocations | |  5.4
Transmutations | |  0.7
Fire Magic     | |  0.7
Ice Magic      | |  0.7
Air Magic      | |  0.7
Earth Magic    | |  0.7
Poison Magic   | |  0.7

Action                   |  1- 3 |  4- 6 || total
-------------------------+-------+-------++-------
Melee: Hand axe          |    32 |       ||    32
       Bite              |     7 |     1 ||     8
       War axe           |    45 |    11 ||    56
       Punch             |     2 |       ||     2
Throw: Boomerang         |     1 |       ||     1
 Cast: Blink             |     4 |     2 ||     6
  Use: Scroll            |     2 |       ||     2
       Potion            |     1 |       ||     1
 Stab: Sleeping          |     1 |     1 ||     2
Armor: Leather armour    |    39 |     3 ||    42
Dodge: Dodged            |    53 |     8 ||    61
